 Dungeon Crawl Stone Soup version 0.25-a0-447-gff83419037 (webtiles) character file.

Game seed: 1897212140722359935, levelgen mode: deterministic

61187 Denox the Warrior (level 14, 141/141 HPs)
             Began as a Minotaur Wizard on Jan 29, 2020.
             Was an Elder of Trog.
             Quit the game on level 11 of the Dungeon on Apr 4, 2020.
             The game lasted 02:03:36 (22051 turns).

Denox the Warrior (Minotaur Wizard)                Turns: 22051, Time: 02:03:37

Health: 141/141    AC: 23    Str: 19    XL:     14   Next: 59%
Magic:  23/23      EV: 16    Int: 15    God:    Trog [****..]
Gold:   611        SH:  0    Dex: 11    Spells: 14/17 levels left

rFire    . . .     SeeInvis +   u - +5 dire flail (vorpal)
rCold    + . .     Gourm    .   (shield currently unavailable)
rNeg     . . .     Faith    .   s - +2 ring mail {rPois}
rPois    +         Spirit   .   o - +1 hat
rElec    +         Reflect  .   J - +2 cloak of Bebotair {SInv}
rCorr    .         Harm     +   x - +1 pair of gloves
MR       +....                  S - +0 pair of boots "Roclir" {*Contam rElec rC+ Str+4}
Stlth    +.........             H - amulet of harm
HPRegen  0.73/turn              m - +4 ring of protection
MPRegen  0.18/turn              n - +3 ring of evasion

@: no status effects
A: retaliatory headbutt, horns 2, repulsion field 1, thin metallic scales 1,
mutation resistance 1, regeneration 1
a: Berserk, Trog's Hand, Brothers in Arms, Renounce Religion


You were on level 11 of the Dungeon.
You worshipped Trog.
Trog was greatly pleased with you.
You were not hungry.

You visited 4 branches of the dungeon, and saw 20 of its levels.
You also visited: Ossuary and Gauntlet.

You collected 2379 gold pieces.
You spent 1768 gold pieces at shops.

Inventory:

Hand Weapons
 u - a +5 vorpal dire flail (weapon)
 P - the +10 battleaxe of a Gauntlet {freeze, rPois Str+2 Int+6 SInv}
   (You found it on level 6 of the Lair of Beasts)

   It has been specially enchanted to freeze those struck by it, causing extra
   injury to most foes and up to half again as much damage against particularly
   susceptible opponents.
   It can also slow down cold-blooded creatures.
   It affects your strength (+2).
   It affects your intelligence (+6).
   It protects you from poison.
   It lets you see invisible.
Armour
 o - a +1 hat (worn)
 s - a +2 ring mail of poison resistance (worn)
 x - a +1 pair of gloves (worn)
 J - the +2 cloak of Bebotair (worn) {SInv}
   (You found it in a Gauntlet)

   It lets you see invisible.
   If you remove this armour, your AC will fall 4 points (23 -> 19)
 S - the +0 pair of boots "Roclir" (worn) {*Contam rElec rC+ Str+4}
   (You bought it in a shop on level 2 of the Orcish Mines)

   It affects your strength (+4).
   It protects you from cold.
   It insulates you from electricity.
   It causes magical contamination when unequipped.
   If you remove this armour, your AC will fall 2 points (23 -> 21)
Jewellery
 g - an uncursed ring of flight
 m - a +4 ring of protection (left hand)
 n - a +3 ring of evasion (right hand)
 y - an uncursed ring of resist corrosion
 H - an amulet of harm (around neck)
 L - an uncursed ring of positive energy
Wands
 i - a wand of clouds (7)
 k - a wand of acid (22)
 D - a wand of flame (16)
 Q - a wand of polymorph (6)
Scrolls
 c - 8 scrolls of remove curse
 h - 4 scrolls of teleportation
 l - 3 scrolls of fog
 A - 4 scrolls of magic mapping
 I - a scroll of fear
 K - a scroll of blinking
 O - a scroll of silence
 R - 2 scrolls of enchant weapon
Potions
 j - 2 potions of might
 p - 4 potions of curing
 w - 3 potions of heal wounds
 z - a potion of cancellation
 B - 2 potions of haste
Comestibles
 d - 16 rations


   Skills:
 + Level 17.6 Fighting
 + Level 4.2(8.7) Axes
 - Level 11.6(11.9) Maces & Flails
 - Level 9.3 Armour
 - Level 2.1 Dodging
 - Level 1.5 Stealth
 - Level 2.1 Spellcasting
 - Level 1.1 Conjurations
   Level 0.6 Summonings
   Level 0.6 Translocations
 * Level 14.3 Evocations


You had 14 spell levels left.
You knew the following spells:

 Your Spells              Type           Power        Failure   Level  Hunger
a - Magic Dart            Conj           #...         22%         1    #......
b - Slow                  Hex            #.......     45%         2    ###....

Your spell library contained the following spells:

 Spells                   Type           Power        Failure   Level  Hunger
 Apportation              Tloc           #.....       26%         1    #......
 Shock                    Conj/Air       #...         26%         1    #......
 Summon Small Mammal      Summ           #...         26%         1    #......
 Animate Skeleton         Necr           N/A          34%         1    #......
 Corona                   Hex            #......      34%         1    #......
 Freeze                   Ice            #...         34%         1    #......
 Blink                    Tloc           N/A          38%         2    ###....
 Call Imp                 Summ           #.......     38%         2    ###....
 Ensorcelled Hibernation  Hex/Ice        #.....       45%         2    ###....
 Swiftness                Chrm/Air       #.......     45%         2    ###....
 Call Canine Familiar     Summ           #.......     63%         3    ###....
 Conjure Flame            Conj/Fire      #.......     63%         3    ###....
 Gell's Gravitas          Tloc           #.........   63%         3    ###....
 Static Discharge         Conj/Air       #.......     63%         3    ###....
 Mephitic Cloud           Conj/Pois/Air  #.......     65%         3    ###....
 Portal Projectile        Hex/Tloc       #.....       65%         3    ###....
 Summon Guardian Golem    Hex/Summ       #.......     65%         3    ###....
 Summon Ice Beast         Ice/Summ       #.......     96%         4    #####..
 Summon Lightning Spire   Summ/Air       #.......     96%         4    #####..
 Airstrike                Air            #.........   98%         4    #####..
 Cause Fear               Hex            #.........   98%         4    #####..
 Ice Form                 Ice/Tmut       #.......     98%         4    #####..
 Lightning Bolt           Conj/Air       #.........   100%        5    ######.
 Summon Mana Viper        Hex/Summ       #.......     100%        5    ######.
 Dispersal                Tloc           #.........   100%        6    #######
 Freezing Cloud           Conj/Ice/Air   #.........   100%        6    #######
 Ozocubu's Refrigeration  Ice            #.........   100%        6    #######
 Controlled Blink         Tloc           N/A          100%        8    #######
 Disjunction              Tloc           #.........   100%        8    #######


Dungeon Overview and Level Annotations

Branches:
Dungeon (11/15)            Temple (1/1) D:4            Lair (6/6) D:10
 Shoals (0/4) Lair:2        Snake (0/4) Lair:3        Slime (0/5) Lair:5
    Orc (2/2) D:10            Elf (0/3) Orc:2       Ossuary (visited)
Gauntlet (visited)

Altars:
Ashenzari
Cheibriados
Dithmenos
Elyvilon
Fedhas
Gozag
Hepliaklqana
Kikubaaqudgha
Makhleb
Nemelex Xobeh
Okawaru
Qazlal
Ru
Sif Muna
Trog
Uskayaw
Vehumet
Wu Jian
Xom
Yredelemnul
Zin
The Shining One

Shops:
Orc:2 ?*[[[[[(}

Annotations:
D:8 1 runed translucent door
Lair:2 exclusion: oklob plant
Lair:3 exclusion: oklob plant
Lair:5 exclusion: oklob plant


Innate Abilities, Weirdness & Mutations

You reflexively headbutt those who attack you in melee.
You have a pair of horns on your head.
You are surrounded by a mild repulsion field. (EV +2)
You are partially covered in thin metallic scales. (AC +2)
You are somewhat resistant to further mutation.
Your natural rate of healing is unusually fast.


Message History

Things that are here:
a +0 chain mail; a +0 halberd You climb upwards.
Welcome back to the Dungeon!
There is a staircase to the Orcish Mines here.
Done exploring.
There is an open door here.
All of the chunks of flesh in your inventory have rotted away.
There is a stone staircase leading down here.
You climb downwards.
There is a stone staircase leading up here.
Save game and exit?
Welcome back, Denox the Minotaur Wizard.
Trog says: Kill them all!
Press ? for a list of commands and other information.
Quiver which item? (- for none, * to show all) (? for menu, Esc to quit)
Okay, then.
No item to drop.
Quiver which item? (- for none, * to show all) (? for menu, Esc to quit)
Okay, then.
Are you sure you want to abandon this character and quit the game? (Confirm with "yes".)

...############
.......@.......
...............
...............
...............
..........####+
..........+
..........#
..........#


There were no monsters in sight!

Vanquished Creatures
  Gastronok (Lair:1)
  An orc warlord (Orc:2)
  A minotaur (Gauntlet)
  A blizzard demon (Gauntlet)
  A merfolk avatar (Lair:6)
  6 hydras
  2 two-headed ogres
  An orc high priest (Orc:2)
  4 death yaks (Lair:5)
  A fire crab (Lair:6)
  3 sea snakes
  A lindwurm (Lair:5)
  4 orc knights (Orc:2)
  A harpy (Lair:6)
  10 elephants
  A torpor snail (Lair:4)
  2 black mambas (Lair:6)
  10 spiny frogs
  5 rime drakes
  The ghost of Nattfarinn the Charmwright, an amateur OgSk (D:4)
  5 komodo dragons
  An ice devil (Gauntlet)
  A troll (Orc:2)
  4 merfolk (Lair:2)
  3 polar bears
  Prince Ribbit (D:7)
  4 hornets (Lair:6)
  7 dream sheep (Lair:5)
  12 blink frogs
  8 hippogriffs
  A ynoxinul (Gauntlet)
  4 wyverns
  Grum (D:9)
  2 basilisks
  44 yaks
  Eustachio (D:5)
  2 swamp worms (Gauntlet)
  5 wargs
  11 water moccasins
  Duvessa (D:7)
  4 porcupines
  3 sky beasts
  38 orc warriors
  3 black bears
  A hornet zombie (D:6)
  13 ogres
  2 phantoms
  An ice beast (D:6)
  30 wolves
  14 centaurs
  9 crocodiles
  A big kobold (D:8)
  11 bullfrogs
  Dowan (D:7)
  4 scorpions
  6 killer bees
  3 wights
  3 howler monkeys (D:9)
  An electric eel (Lair:6)
  7 crimson imps
  2 bullfrog zombies
  A centaur zombie (D:5)
  4 hounds
  21 orc priests
  4 jellies
  2 gnoll shamans
  2 iron imps (Gauntlet)
  11 orc wizards
  3 bullfrog skeletons
  2 centaur skeletons
  3 iguanas
  5 worker ants
  A killer bee zombie (D:6)
  A hound zombie (D:9)
  A hound skeleton (D:7)
  8 mummies (Ossuary)
  2 worker ant zombies
  7 gnolls
  12 adders
  An ooze (D:3)
  3 adder skeletons
  A worm (D:2)
  7 leopard geckos
  60 orcs
  7 giant cockroaches
  3 goblins
  11 hobgoblins
  11 jackals
  2 quokkas
  2 ball pythons
  9 bats
  4 frilled lizards
  2 gnoll zombies (Ossuary)
  A hobgoblin zombie (Ossuary)
  A jackal zombie (D:5)
  14 kobolds
  3 kobold zombies (Ossuary)
  2 leopard gecko skeletons
  2 orc zombies (Ossuary)
  A quokka skeleton (D:8)
  7 rats
576 creatures vanquished.

Vanquished Creatures (collateral kills)
  Harold (D:9)
  Erica (D:10)
  2 elephants (Lair:6)
  A rime drake (Lair:6)
  2 wargs (Orc:2)
  2 orc warriors (Orc:2)
  2 orc wizards (Orc:2)
  An orc (Orc:2)
12 creatures vanquished.

Vanquished Creatures (others)
  7 fungi
  13 plants
20 creatures vanquished.

Grand Total: 608 creatures vanquished

Notes
Turn   | Place    | Note
-------+----------+-------------------------------------------
     0 | D:1      | Denox the Minotaur Wizard began the quest for the Orb.
     0 | D:1      | Reached XP level 1. HP: 14/14 MP: 2/2
   178 | D:1      | Reached skill level 1 in Fighting
   178 | D:1      | Reached skill level 1 in Conjurations
   431 | D:1      | Reached XP level 2. HP: 22/23 MP: 4/4
   635 | D:1      | Reached skill level 2 in Fighting
   774 | D:1      | Reached skill level 1 in Armour
   872 | D:2      | Reached XP level 3. HP: 22/30 MP: 5/5
  1107 | D:2      | Reached skill level 3 in Fighting
  1288 | D:2      | You fall into a shaft and drop 2 floors!
  1306 | D:4      | Reached XP level 4. HP: 27/40 MP: 6/6
  1441 | D:4      | Found a large runed translucent door.
  1442 | D:4      | Found a large runed translucent door.
  1445 | D:4      | Noticed Nattfarinn's ghost (amateur OgSk)
  1740 | D:4      | Reached skill level 4 in Fighting
  1913 | D:4      | Noticed a phantom
  2443 | D:3      | Reached XP level 5. HP: 47/47 MP: 3/7
  2915 | D:3      | Reached skill level 5 in Fighting
  3110 | D:3      | Found a burning altar of Makhleb.
  3408 | D:2      | Found a shimmering altar of Xom.
  3430 | D:2      | Became a worshipper of Xom of Chaos
  3627 | D:2      | XOM: divination: detect creatures
  4031 | D:4      | Gained mutation: You are partially covered in thin metallic
                  | scales. (AC +2) [potion of mutation]
  4031 | D:4      | Gained mutation: Your body sometimes deteriorates upon
                  | taking damage. [potion of mutation]
  4031 | D:4      | Gained mutation: Your spells are a little harder to cast,
                  | but a little more powerful. [potion of mutation]
  4031 | D:4      | Gained mutation: Your natural rate of healing is unusually
                  | fast. [potion of mutation]
  4054 | D:4      | Killed a phantom
  4054 | D:4      | Reached skill level 6 in Fighting
  4054 | D:4      | Reached XP level 6. HP: 44/57 MP: 8/8
  4118 | D:4      | Learned a level 2 spell: Slow
  4118 | D:4      | XOM: potion effect (berserk rage)
  4192 | D:4      | XOM: harmless Ice miscast
  4243 | D:4      | Found a staircase to the Ecumenical Temple.
  4256 | Temple   | Entered the Ecumenical Temple
  4410 | Temple   | Fell from the grace of Xom
  4410 | Temple   | Became a worshipper of Trog the Wrathful
  4685 | D:4      | Reached skill level 7 in Fighting
  4724 | D:4      | Found a shattered altar of Ashenzari.
  4728 | D:4      | XOM: god gift: 26 stones
  4853 | D:5      | Entered Level 5 of the Dungeon
  4866 | D:5      | Reached XP level 7. HP: 60/66 MP: 9/9
  4909 | D:5      | XOM: enchant monster (bad)
  5036 | D:5      | Found a sand-covered staircase.
  5044 | Ossuary  | Entered an ossuary
  5112 | Ossuary  | Reached skill level 5 in Armour
  5118 | Ossuary  | HP: 2/99 [mummy (7)]
  5125 | Ossuary  | HP: 3/99 [gnoll zombie (4)]
  5191 | Ossuary  | XOM: mild Necr miscast
  5291 | Ossuary  | XOM: mild Tloc miscast
  5599 | D:5      | Found a sparkling altar of Nemelex Xobeh.
  5619 | D:5      | Reached skill level 8 in Fighting
  5754 | D:5      | XOM: give mutation
  5754 | D:5      | Gained mutation: You are surrounded by a mild repulsion
                  | field. (EV +2) [Xom's grace]
  5833 | D:5      | Reached * piety under Trog
  5845 | D:5      | Reached XP level 8. HP: 67/76 MP: 10/10
  5850 | D:5      | Reached skill level 9 in Fighting
  5893 | D:5      | Noticed Eustachio
  5932 | D:5      | Killed Eustachio
  6251 | D:5      | XOM: mild Erth miscast
  6280 | D:5      | XOM: give mutation
  6280 | D:5      | Gained mutation: You are dopey. (Int -2) [Xom's mischief]
  6415 | D:6      | XOM: give mutations
  6415 | D:6      | Gained mutation: Your muscles are strong. (Str +2) [Xom's
                  | mischief]
  6415 | D:6      | Gained mutation: You are somewhat resistant to further
                  | mutation. [Xom's mischief]
  6415 | D:6      | Lost mutation: Your muscles are strong. (Str +2) [Xom's
                  | mischief]
  6458 | D:6      | Reached skill level 10 in Fighting
  6682 | D:6      | Found a burning altar of Makhleb.
  6816 | D:6      | Reached skill level 11 in Fighting
  6906 | D:6      | Reached ** piety under Trog
  6991 | D:6      | Reached XP level 9. HP: 88/88 MP: 11/11
  7071 | D:6      | Found an ancient bone altar of Kikubaaqudgha.
  7071 | D:6      | Found a shimmering blue altar of Sif Muna.
  7072 | D:6      | Found a shadowy altar of Dithmenos.
  7575 | D:7      | XOM: 2-stop teleportation journey
  7661 | D:7      | XOM: mild Erth miscast
  7799 | D:7      | Noticed Duvessa
  7799 | D:7      | Noticed Dowan
  7825 | D:7      | Killed Duvessa
  7852 | D:7      | Reached skill level 12 in Fighting
  7919 | D:7      | Noticed Prince Ribbit
  8082 | D:7      | Killed Dowan
  8206 | D:7      | Killed Prince Ribbit
  8291 | D:8      | Found a glowing golden altar of the Shining One.
  8323 | D:8      | Found a white marble altar of Elyvilon.
  8404 | D:8      | Found an iron altar of Okawaru.
  8424 | D:8      | Found a hazy altar of Hepliaklqana.
  8470 | D:8      | Found a runed translucent door.
  8470 | D:8      | Found a white marble altar of Elyvilon.
  8470 | D:8      | Noticed an angel
  8521 | D:8      | Lost mutation: Your body sometimes deteriorates upon taking
                  | damage. [potion of mutation]
  8521 | D:8      | Lost mutation: You are dopey. (Int -2) [potion of mutation]
  8521 | D:8      | Lost mutation: Your spells are a little harder to cast, but
                  | a little more powerful. [potion of mutation]
  8676 | D:8      | XOM: confusion (+ monsters)
  8697 | D:8      | Found a basalt altar of Yredelemnul.
  8838 | D:8      | Reached *** piety under Trog
  8907 | D:8      | Reached skill level 13 in Fighting
  8907 | D:8      | Reached skill level 1 in Evocations
  8958 | D:8      | XOM: mild Hex miscast
  9131 | D:9      | Noticed a two-headed ogre
  9143 | D:9      | Killed a two-headed ogre
  9143 | D:9      | Reached XP level 10. HP: 68/100 MP: 12/12
  9236 | D:9      | Noticed Grum
  9338 | D:9      | Found a sacrificial altar of Ru.
  9338 | D:9      | Noticed Harold
  9396 | D:9      | Upgraded the game from 0.25-a0-435-g4b9beb1024 to
                  | 0.25-a0-447-gff83419037
  9705 | D:9      | XOM: noise
  9880 | D:9      | Reached skill level 5 in Evocations
  9919 | D:9      | XOM: silly message
  9924 | D:9      | Reached **** piety under Trog
  9972 | D:9      | XOM: harmless Erth miscast
 10001 | D:9      | XOM: silly message
 10069 | D:9      | Killed Grum
 10144 | D:9      | Killed Harold
 10243 | D:10     | Entered Level 10 of the Dungeon
 10254 | D:9      | XOM: harmless Conj miscast
 10320 | D:9      | Reached skill level 1 in Maces & Flails
 10391 | D:10     | Found a staircase to the Lair.
 10427 | D:10     | Reached skill level 14 in Fighting
 10671 | D:10     | Noticed Erica
 10708 | D:10     | XOM: potion effect (agility)
 10781 | D:10     | Found a staircase to the Orcish Mines.
 10885 | D:10     | Killed Erica
 10885 | D:10     | Reached XP level 11. HP: 53/109 MP: 15/15
 11173 | D:10     | XOM: silly message
 11304 | Lair:1   | Entered Level 1 of the Lair of Beasts
 11594 | Lair:1   | XOM: harmless Summ miscast
 11638 | Lair:1   | Noticed Gastronok
 11647 | Lair:1   | Killed Gastronok
 11705 | Lair:1   | XOM: divination: magic mapping
 11705 | Lair:1   | Was forgiven by Xom
 11863 | Lair:1   | Noticed an eight-headed hydra
 11870 | Lair:1   | Killed an eight-headed hydra
 11870 | Lair:1   | Reached skill level 5 in Maces & Flails
 12359 | Lair:2   | Found a staircase to the Shoals.
 12755 | Lair:2   | Found a white marble altar of Elyvilon.
 12755 | Lair:2   | Noticed an oklob plant
 12857 | Lair:2   | Reached skill level 15 in Fighting
 13046 | Lair:3   | Reached XP level 12. HP: 100/118 MP: 18/18
 13047 | Lair:3   | Found a gate leading to a gauntlet.
 13084 | Gauntlet | Entered a Gauntlet
 13084 | Gauntlet | Found a transporter.
 13084 | Gauntlet | Found a transporter.
 13084 | Gauntlet | Found a transporter.
 13084 | Gauntlet | Noticed a death scarab
 13085 | Gauntlet | Found a transporter.
 13088 | Gauntlet | Found a transporter.
 13128 | Gauntlet | Found a transporter.
 13132 | Gauntlet | Found a transporter.
 13144 | Gauntlet | Found a transporter.
 13164 | Gauntlet | Found a transporter.
 13188 | Gauntlet | Found a transporter.
 13231 | Gauntlet | Found a transporter.
 13235 | Gauntlet | Found a transporter.
 13244 | Gauntlet | Noticed a blizzard demon
 13452 | Gauntlet | Killed a blizzard demon
 13452 | Gauntlet | Reached skill level 10 in Evocations
 13463 | Gauntlet | Got a transparent cloak
 13498 | Gauntlet | Noticed a minotaur
 13499 | Gauntlet | Found the +3 warlock's mirror {reflect}
 13509 | Gauntlet | Killed a minotaur
 13518 | Gauntlet | Identified the Volume of the Icy Oath
 13546 | Gauntlet | Identified the +2 cloak of Bebotair {SInv} (You found it in
                  | a Gauntlet)
 13671 | Lair:3   | Found a staircase to the Snake Pit.
 14026 | Lair:3   | Noticed a five-headed hydra
 14040 | Lair:3   | Killed a five-headed hydra
 14755 | Lair:4   | Reached ***** piety under Trog
 14755 | Lair:4   | Received a gift from Trog
 14872 | Lair:4   | Noticed a six-headed hydra
 14884 | Lair:4   | Killed a six-headed hydra
 15050 | Lair:4   | Reached skill level 16 in Fighting
 15186 | Lair:4   | Noticed an eight-headed hydra
 15207 | Lair:4   | Killed an eight-headed hydra
 15938 | D:4      | Killed Nattfarinn's ghost
 15938 | D:4      | Reached XP level 13. HP: 127/127 MP: 20/20
 16640 | Lair:5   | Found a staircase to the Slime Pits.
 16695 | Lair:5   | Reached skill level 10 in Maces & Flails
 17172 | Lair:5   | You fall into a shaft and drop 1 floor!
 17172 | Lair:6   | Entered Level 6 of the Lair of Beasts
 17678 | Lair:6   | Received a gift from Trog
 18171 | Lair:5   | Reached skill level 17 in Fighting
 18229 | Lair:5   | Reached XP level 14. HP: 105/139 MP: 23/23
 18753 | Lair:6   | Got a slimy battleaxe
 18808 | Lair:6   | Identified the +10 battleaxe of a Gauntlet {freeze, rPois
                  | Str+2 Int+6 SInv} (You found it on level 6 of the Lair of
                  | Beasts)
 18871 | Lair:6   | Reached skill level 1 in Axes
 19058 | Orc:1    | Entered Level 1 of the Orcish Mines
 19511 | Orc:2    | Entered Level 2 of the Orcish Mines
 19592 | Orc:2    | Found Zygum's Armour Boutique.
 20409 | Orc:2    | Received a gift from Trog
 20623 | Orc:2    | Found Atyizix's Magic Scroll Shop.
 20630 | Orc:2    | Bought a scroll of magic mapping for 49 gold pieces
 20630 | Orc:2    | Bought a scroll of enchant weapon for 105 gold pieces
 20630 | Orc:2    | Bought a scroll of fear for 49 gold pieces
 20630 | Orc:2    | Bought a scroll of blinking for 105 gold pieces
 20645 | Orc:2    | Found a staircase to the Elven Halls.
 20795 | Orc:2    | Found Lush's Assorted Antiques.
 20855 | Orc:2    | Bought a potion of curing for 90 gold pieces
 20855 | Orc:2    | Bought a scroll labeled CUONUXKAOD for 30 gold pieces
 20855 | Orc:2    | Bought a brass ring for 150 gold pieces
 20877 | Orc:2    | Bought a scroll of identify for 28 gold pieces
 20988 | Orc:2    | Found Ajeniu's Gadget Shop.
 21119 | Orc:2    | Found Quorix's Antique Armour Emporium.
 21119 | Orc:2    | Found Emaps's Antique Armour Shop.
 21121 | Orc:2    | Found Lumu's Weapon Boutique.
 21123 | Orc:2    | Found Pithriosh's Armour Shoppe.
 21137 | Orc:2    | Bought a pair of distressingly furry boots for 247 gold
                  | pieces
 21148 | Orc:2    | Identified the cursed +0 pair of boots "Roclir" {*Contam
                  | rElec rC+ Str+4} (You bought it in a shop on level 2 of the
                  | Orcish Mines)
 21158 | Orc:2    | Bought a runed chain mail for 187 gold pieces
 21482 | Orc:2    | Found Teasusit's Antique Armour Emporium.
 21586 | Orc:2    | Noticed an orc warlord
 21775 | Orc:2    | Killed an orc warlord
 21917 | Orc:2    | Bought a pitted plate armour for 728 gold pieces
 21930 | Orc:2    | Identified the cursed +1 plate armour of Sorcery {+Inv rN+
                  | Dex+4} (You bought it in a shop on level 2 of the Orcish
                  | Mines)
 22051 | D:11     | Quit the game

Levels and vault maps discovered:
D:1:      dpeg_arrival_stone_temple_mockup, layout_basic, minivault_19
D:2:      layout_basic, old_standard_altar
D:3:      layout_loops_corners, first_ration, makhleb_blood_cavern_becter
D:4:      layout_gridville, nicolae_overflow_hidden_temple,
          minmay_temple_entry_junction, ebering_ghost_disaster_area
D:5:      layout_cave_pods, nemelex_xobeh_ov_fountains_minmay,
          nicolae_ossuary_entry_plus, uniq_eustachio
D:6:      kennysheep_spiral_hall, layout_basic, lemuel_doored_altar,
          gammafunk_temple_overflow_claw, feat_on_display
D:7:      layout_basic, uniq_duvessa, uniq_prince_ribbit1
D:8:      layout_loops_ring, tso_altar, old_standard_altar,
          kennysheep_little_box, lemuel_crystal_altar,
          overflow_temple_1_default, lemuel_angel_altar
D:9:      layout_small_grid, hangedman_ru_absence, uniq_harold, uniq_grum
D:10:     layout_irregular_city, erik_lair_orcish_takeover, uniq_erica
D:11:     lemuel_slime, layout_gridville, grunt_ogre_cave
Temple:   nicolae_temple_figure_zero
Lair:1:   layout_loops_ring, uniq_gastronok
Lair:2:   layout_roguey, elwin_shoals_entry_stream, lemuel_oklob_altar
Lair:3:   beast_lair_carwin_large_3, layout_gridlike, dummy_snake_entry,
          gauntlet_entry_generic
Lair:4:   layout_regular_city
Lair:5:   layout_big_grid, slime_dummy
Lair:6:   gammafunk_lair_ancient_temple, layout_big_grid,
          nicolae_quartered_pool_super
Orc:1:    layout_caves
Orc:2:    st_orc_rangers, layout_diamond_mine, serial_shops,
          nicolae_shop_window_shopping, nicolae_shop_stone,
          nicolae_shop_overgrown_old_shop, shop, nicolae_shop_behind_doors

Skill      XL: |  1  2  3  4  5  6  7  8  9 10 11 12 13 14 |
---------------+-------------------------------------------+-----
Fighting       | 1 2 3 4 6 7 8 11 13 14 15 16 17 | 17.6
Conjurations   | 1 |  1.1
Armour         | 1 2 3 4 6 7 9 |  9.3
Evocations     | 3 7 9 11 13 14 | 14.3
Maces & Flails | 3 6 9 11 | 11.6
Axes           | 4 |  4.2
Dodging        | |  2.1
Stealth        | |  1.5
Spellcasting   | |  2.1
Summonings     | |  0.6
Translocations | |  0.6

Action                   |  1- 3 |  4- 6 |  7- 9 | 10-12 | 13-15 || total
-------------------------+-------+-------+-------+-------+-------++-------
Melee: Unarmed           |    32 |       |       |       |       ||    32
       Headbutt          |    19 |    28 |   108 |   103 |   120 ||   378
       Short sword       |    82 |   183 |   606 |       |       ||   871
       Whip              |       |       |    30 |   110 |       ||   140
       Dire flail        |       |       |       |   475 |   721 ||  1196
 Cast: Magic Dart        |     2 |    54 |       |       |       ||    56
       Slow              |       |     1 |       |       |       ||     1
Invok: Berserk           |       |       |     2 |    10 |     8 ||    20
       Trog's Hand       |       |       |     1 |     5 |     7 ||    13
       Brothers in Arms  |       |       |       |     2 |     2 ||     4
Evoke: Wand              |       |       |     2 |       |       ||     2
  Use: Potion            |       |     5 |     5 |     3 |     2 ||    15
       Scroll            |       |     9 |     6 |    17 |    11 ||    43
 Stab: Sleeping          |     2 |     2 |     2 |       |       ||     6
       Distracted        |       |     1 |       |       |     1 ||     2
  Eat: Chunk             |     1 |    12 |     7 |    27 |    23 ||    70
       Ration            |       |       |     3 |     2 |     3 ||     8
Armor: Robe              |    24 |    44 |       |       |       ||    68
       Chain mail        |       |    54 |   214 |       |       ||   268
       Skin              |       |       |    42 |       |       ||    42
       Ring mail         |       |       |   168 |   364 |   343 ||   875
Dodge: Dodged            |    88 |   115 |   418 |   532 |   586 ||  1739

Table legend:
 A = Non-vault XP
 B = Vault XP
 C = Vault XP percentage of total XP
 D = Non-vault monster count
 E = Vault monster count
 F = Vault count percentage of total count
                 A         B        C        D         E       F
            +---------+---------+-------+---------+---------+-------
      Total |   61854 |   25556 |  29.2 |     465 |     123 |  20.9
            +---------+---------+-------+---------+---------+-------
        D:1 |      34 |       0 |   0.0 |      20 |       0 |   0.0
        D:2 |      68 |       0 |   0.0 |      25 |       0 |   0.0
        D:3 |     124 |      43 |  25.7 |      24 |       1 |   4.0
        D:4 |     442 |     344 |  43.8 |      15 |       1 |   6.2
        D:5 |     845 |     188 |  18.2 |      25 |       1 |   3.8
        D:6 |    1122 |      55 |   4.7 |      24 |       3 |  11.1
        D:7 |     483 |     506 |  51.2 |      11 |       3 |  21.4
        D:8 |    1148 |       0 |   0.0 |      28 |       0 |   0.0
        D:9 |    2420 |    1118 |  31.6 |      29 |       5 |  14.7
       D:10 |    1677 |    1257 |  42.8 |      17 |      10 |  37.0
     Temple |       3 |       0 |   0.0 |       1 |       0 |   0.0
     Lair:1 |    2141 |    2089 |  49.4 |       8 |       1 |  11.1
     Lair:2 |    3420 |    1198 |  25.9 |      13 |       4 |  23.5
     Lair:3 |    3908 |    1137 |  22.5 |      18 |      10 |  35.7
     Lair:4 |    9631 |       0 |   0.0 |      34 |       0 |   0.0
     Lair:5 |   16345 |     837 |   4.9 |      54 |       2 |   3.6
     Lair:6 |    9098 |    8291 |  47.7 |      34 |      23 |  40.4
      Orc:1 |    1982 |     336 |  14.5 |      25 |       3 |  10.7
      Orc:2 |    6963 |    4679 |  40.2 |      60 |      32 |  34.8
    Ossuary |       0 |     153 | 100.0 |       0 |      16 | 100.0
   Gauntlet |       0 |    3325 | 100.0 |       0 |       8 | 100.0
            +---------+---------+-------+---------+---------+-------
